 Dungeon Crawl Stone Soup version 0.31-a0-1072-g202bf7ea07 (webtiles) character file.

Game seed: 96888280034428995

125311 CrazyBamboolord the Zephyrmancer (level 16, -9/118 HPs)
             Began as a Demonspawn Conjurer on Nov 25, 2023.
             Was a High Priest of Sif Muna.
             Mangled by a merfolk
             ... wielding a +1 halberd of pain
             ... led by a merfolk impaler
              (18 damage)
             ... on level 3 of the Shoals on Nov 26, 2023.
             The game lasted 01:45:32 (36269 turns).

CrazyBamboolord the Zephyrmancer (DsCj)            Turns: 36269, Time: 01:45:33

Health: -9/118     AC: 16    Str:  9    XL:     16   Next: 41%
Magic:  17/31      EV: 14    Int: 29    God:    Sif Muna [*****.]
Gold:   663        SH:  6    Dex: 13    Spells: 7/37 levels left

rFire   . . .        b - staff of conjuration
rCold   + . .        d - +1 buckler {AC+3}
rNeg    . . .        N - +0 steam dragon scales
rPois   +            E - +2 helmet
rElec   .            (cloak unavailable)
rCorr   +            q - +1 pair of gloves
SInv    +            (no boots)
Will    .....        (no amulet)
Stlth   ++           f - ring of the Sturgeon {Fly rPois Int+4}
HPRegen 0.39/turn    Q - ring of Vuamaoli {Contam rC+ rCorr SInv}
MPRegen 0.22/turn

%: no passive effects
@: lit by a corona, weak-willed, flying, glowing
A: molten scales 2, spiny 1, demonic magic 2, weakness stinger 3
a: Renounce Religion, Channel Magic, Forget Spell, Divine Exegesis


You were on level 3 of the Shoals.
You worshipped Sif Muna.
Sif Muna was extremely pleased with you.
You visited 6 branches of the dungeon, and saw 26 of its levels.
You also visited: Sewer and Ice Cave.

You collected 2404 gold pieces.
You spent 1741 gold pieces at shops.

Inventory:

Hand Weapons
 a - a +5 dagger of protection
 V - a +3 short sword of distortion
Missiles
 D - 74 poisoned darts
 Y - 7 throwing nets
Armour
 d - a +1 buckler of protection (worn)
 q - a +1 pair of gloves (worn)
 E - a +2 helmet (worn)
 N - +0 steam dragon scales (worn)
 O - a +1 robe of resistance
Magical Staves
 b - a staff of conjuration (weapon)
 s - a staff of air
Jewellery
 f - the ring of the Sturgeon (left hand) {Fly rPois Int+4}
   (You bought it in a shop on level 2 of the Orcish Mines)

   [ring of flight]

   Int+4:     It affects your intelligence (+4).
   rPois:     It protects you from poison Fly: It grants you flight.
 h - a ring of willpower
 n - a ring of protection from cold
 K - a +6 ring of intelligence
 M - a ring of positive energy
 Q - the ring of Vuamaoli (right hand) {Contam rC+ rCorr SInv}
   (You took it off Grum on level 10 of the Dungeon)

   [ring of protection from cold]

   rC+:       It protects you from cold.
   SInv:      It lets you see invisible.
   Contam:    It causes magical contamination when unequipped.
   rCorr:     It protects you from acid and corrosion.
Wands
 A - a wand of digging (8)
 L - a wand of quicksilver (11)
 S - a wand of polymorph (5)
 U - a wand of iceblast (10)
Scrolls
 c - 3 scrolls of enchant weapon
 e - 10 scrolls of fog
 j - 10 scrolls of poison
 o - a scroll of blinking
 p - 4 scrolls of teleportation
 r - 7 scrolls of fear
 u - 2 scrolls of identify
 v - 3 scrolls of immolation
 w - 5 scrolls of enchant armour
 y - 4 scrolls of silence
 z - a scroll of revelation
 I - 2 scrolls of vulnerability
 P - 2 scrolls of summoning
 W - a scroll of torment
Potions
 g - 3 potions of brilliance
 i - 8 potions of ambrosia
 k - 2 potions of cancellation
 l - 10 potions of might
 m - 3 potions of attraction
 t - 4 potions of mutation
 x - 9 potions of lignification
 B - 2 potions of heal wounds
 G - 3 potions of invisibility
 H - 7 potions of haste
 J - 9 potions of curing
 R - 7 potions of enlightenment
 T - 2 potions of magic
 X - a potion of resistance
Miscellaneous
 Z - a condenser vane


   Skills:
 + Level 8.7 Fighting
 + Level 7.7 Dodging
 - Level 7.0 Stealth
 - Level 6.0 Shields
 + Level 11.0 Spellcasting
 - Level 12.0 Conjurations
 + Level 5.2 Fire Magic
 - Level 12.0 Ice Magic
 + Level 12.8 Air Magic
 - Level 10.0 Invocations


You had 7 spell levels left.
You knew the following spells:

 Your Spells              Type           Power      Damage    Failure   Level
a - Magic Dart            Conj           100%       1d8       1%          1
b - Searing Ray           Conj           100%       2d8       1%          2
c - Mephitic Cloud        Conj/Pois/Air  77%        N/A       1%          3
d - Swiftness             Air            74%        N/A       1%          3
e - Sticky Flame          Conj/Fire      78%        2d9       1%          4
f - Freezing Cloud        Conj/Ice/Air   46%        6-21      1%          5
g - Hailstorm             Conj/Ice       91%        3d18      1%          3
h - Airstrike             Air            37%        2d(6-22)  1%          4
i - Arcjolt               Conj/Air       46%        1d56      1%          5

Your spell library contained the following spells:

 Spells                   Type           Power      Damage    Failure   Level
 Shock                    Conj/Air       100%       1d9       1%          1
 Cigotuvi's Dreadful Rot  Necr/Pois/Air  80%        N/A       1%          2
 Poisonous Vapours        Pois/Air       100%       N/A       1%          2
 Static Discharge         Conj/Air       100%       3-8/arc   1%          2
 Dazzling Flash           Conj/Hex       100%       N/A       1%          3
 Frozen Ramparts          Ice            100%       1d16      1%          3
 Flame Wave               Conj/Fire      78%        2d17      1%          4
 Iskenderun's Battlesphe  Conj           91%        2d14      1%          5
 Apportation              Tloc           32%        N/A       4%          1
 Necrotise                Necr           64%        1d7       4%          1
 Slow                     Hex            64%        N/A       4%          1
 Summon Small Mammal      Summ           64%        N/A       4%          1
 Inner Flame              Hex/Fire       31%        N/A       4%          3
 Volatile Blastmotes      Fire/Tloc      62%        2d15      4%          3
 Fulminant Prism          Conj/Hex       33%        3d15      4%          4
 Iskenderun's Mystic Bla  Conj/Tloc      66%        2d14      4%          4
 Summon Ice Beast         Ice/Summ       50%        N/A       4%          4
 Call Imp                 Summ           32%        N/A       7%          2
 Sublimation of Blood     Necr           16%        N/A       7%          2
 Wereblood                Tmut           16%        N/A       7%          2
 Ignite Poison            Fire/Tmut/Pois 26%        N/A       7%          3
 Silence                  Hex/Air        26%        N/A       10%         5
 Metabolic Englaciation   Hex/Ice        25%        N/A       11%         5
 Call Canine Familiar     Summ           16%        N/A       14%         3
 Summon Guardian Golem    Hex/Summ       16%        N/A       14%         3
 Starburst                Conj/Fire      39%        6d11      22%         6
 Dispel Undead            Necr           16%        3d10      43%         4
 Leda's Liquefaction      Hex/Erth       8%         N/A       43%         4
 Passage of Golubria      Tloc           16%        N/A       43%         4
 Petrify                  Tmut/Erth      16%        N/A       43%         4
 Bombard                  Conj/Erth      33%        9d6       52%         6
 Simulacrum               Ice/Necr       25%        N/A       52%         6
 Yara's Violent Unravell  Hex/Tmut       8%         3d5       78%         5
 Death Channel            Necr           8%         N/A       100%        6
 Enfeeble                 Hex            8%         N/A       100%        7
 Summon Hydra             Summ           8%         N/A       100%        7
 Maxwell's Capacitive Co  Air            37%        ∞         85%         8
 Ignition                 Fire           23%        3d8       100%        8
 Lehudib's Crystal Spear  Conj/Erth      33%        10d8      100%        8
 Fire Storm               Conj/Fire      39%        8d10      100%        9


Dungeon Overview and Level Annotations

Branches:
Dungeon (13/15)            Temple (1/1) D:5            Lair (5/5) D:10
 Shoals (3/4) Lair:3        Snake (2/4) Lair:3        Slime (0/5) Lair:4
    Orc (2/2) D:10            Elf (0/3) Orc:2         Sewer (visited)
  IceCv (visited)
 Vaults: D:13-14

Altars:
Ashenzari
Cheibriados
Dithmenos
Fedhas
Gozag
Hepliaklqana
Kikubaaqudgha
Makhleb
Nemelex Xobeh
Okawaru
Qazlal
Ru
Sif Muna
Trog
Uskayaw
Vehumet
Wu Jian
Xom
Yredelemnul
Jiyva

Shops:
D:2 !(:*?   D:8 !*   Orc:2 [(*=   Shoals:2 [

Annotations:
D:3 3 runed translucent doors, Silenceoftheyaks's ghost, weakling DsAr
D:4 exclusion: kobold
Snake:2 Vashnia


Innate Abilities, Weirdness & Mutations

You are mostly covered in molten scales. (AC +3)
You are partially covered in sharp spines.
Spells you cast may paralyse nearby enemies.
You have a sharp stinger which inflicts weakening toxins.


Message History

The faun is engulfed in freezing vapours.
The faun shoots a sling bullet.
The sling bullet hits you.
The faun is engulfed in freezing vapours.
Unknown command.
Aiming: Freezing Cloud (mildly dangerous; 1% risk of failure)
Press: ? - help, Q - select action, (/) - cycle Dir - move target You feel a surge of power!
Malevolent energies surge around you.
The merfolk suddenly stops moving!
The satyr is engulfed in freezing vapours.
The satyr plays a lulling melody on its pipes!
You fall asleep.
The merfolk is engulfed in freezing vapours. x2
The faun is engulfed in freezing vapours. x2
The faun shoots a sling bullet.
The sling bullet hits you but does no damage.
The faun is engulfed in freezing vapours.
The faun shoots a sling bullet.
The sling bullet hits you but does no damage.
The merfolk is engulfed in freezing vapours.
The merfolk is no longer paralysed.
The satyr is engulfed in freezing vapours.
The satyr shoots an arrow.
The arrow hits you!
You wake up.
The merfolk is engulfed in freezing vapours. x2
The merfolk hits you from afar with a +1 halberd of pain.
The faun is engulfed in freezing vapours.
The faun casts a spell at you.
You are outlined in light.
The faun is engulfed in freezing vapours.
The faun shoots a sling bullet.
The sling bullet hits you!
The faun is engulfed in freezing vapours.
The faun shoots a sling bullet.
The sling bullet hits you but does no damage.
The satyr is engulfed in freezing vapours.
The satyr shoots an arrow.
The arrow hits you!!
* * * LOW HITPOINT WARNING * * *
The merfolk throws a boomerang.
The boomerang hits you!
* * * LOW HITPOINT WARNING * * *
The merfolk is engulfed in freezing vapours.
The merfolk hits you from afar with a +1 halberd of pain!!
You die...

#........~P~
.###....... ~~P
.§c#........~~~
.§c§.§§§....~~~
~§c§.§§§.#..~~~
~c§§§§§mm#.)~~~
§§#§§...:[~(~~~
~§.§§..@÷#[~~~~
~~..~~~~~#~)~~~
~~~~~~~~~~~ ~~~
~~~~~~~~~~~~~ ≈
≈~~~~~~~...~~~≈
≈≈≈≈≈≈~[...~~~≈
≈≈≈≈≈≈~~...~~~≈
≈≈≈≈≈≈~~P..~~P≈


You could see a satyr, 2 merfolk and 3 fauns.

Vanquished Creatures
  A kraken (Shoals:2)
  Polyphemus (Shoals:2)
  Ilsuiw (Shoals:3)
  A frost giant (IceCv)
  Louise (Snake:2)
  An orc warlord (Orc:2)
  Snorg (Lair:3)
  A merfolk javelineer (Shoals:3)
  5 merfolk impalers
  Harold (Orc:1)
  7 hydras
  Erolcha (Orc:1)
  A catoblepas (Shoals:2)
  A boulder beetle (D:12)
  An anaconda (Snake:1)
  4 two-headed ogres
  2 alligator snapping turtles
  10 death yaks
  3 merfolk aquamancers
  2 centaur warriors
  2 tengu warriors (D:13)
  4 naga warriors
  3 orc high priests (Orc:2)
  Sonja (Lair:4)
  2 naga sharpshooters (Snake:1)
  6 skysharks
  4 sea snakes
  A goliath frog (Lair:5)
  Pikel (D:8)
  16 harpies
  3 orc knights (Orc:2)
  7 manticores
  3 orc sorcerers (Orc:2)
  A salamander (Snake:2)
  A cyclops (D:12)
  4 fauns
  10 elephants
  5 merfolk sirens
  4 naga magi (Snake:1)
  An ice statue (IceCv)
  9 black mambas
  2 water nymphs (Shoals:1)
  2 gargoyles
  16 cane toads
  3 rime drakes
  9 komodo dragons
  An unseen horror (D:12)
  2 kobold demonologists
  A tengu conjurer (D:12)
  2 wind drakes
  15 polar bears
  17 merfolk
  11 trolls
  2 tyrant leeches (Lair:5)
  4 hornets
  5 snapping turtles (Shoals:1)
  36 blink frogs
  13 dream sheep (Lair:4)
  9 slime creatures (D:12)
  A shadow (D:10)
  3 wraiths
  4 wyverns
  37 yaks
  2 basilisks
  9 water elementals
  20 vampire mosquitoes
  Grum (D:10)
  A steam dragon (D:8)
  11 nagas
  6 wargs
  2 acid dragons
  19 water moccasins
  27 orc warriors
  A sky beast (D:8)
  An ice beast (D:7)
  3 black bears
  8 ogres
  36 wolves
  A lemure (D:8)
  10 centaurs
  6 kobold brigands
  26 bullfrogs
  2 scorpions (D:5)
  12 wights
  4 killer bees (D:10)
  2 howler monkeys
  2 electric eels (Lair:5)
  7 jellies
  16 orc priests
  A gnoll bouda (D:9)
  4 hounds
  5 iguanas
  2 sleepcaps
  15 orc wizards
  5 hell rats
  Robin (D:4)
  8 gnolls
  13 adders
  A river rat (Sewer)
  3 shadow imps
  2 ufetubi (D:5)
  2 worms
  3 dart slugs
  54 orcs
  3 bats
  21 endoplasms
  5 giant cockroaches
  14 goblins
  6 hobgoblins
  4 jackals (D:1)
  5 quokkas
  7 ball pythons
  4 frilled lizards
  23 kobolds
  14 rats
  A butterfly (D:5)
  3 tentacles (Shoals:2)
793 creatures vanquished.

Vanquished Creatures (others)
  A tentacle (Shoals:2)
1 creature vanquished.

Grand Total: 794 creatures vanquished

Notes
Turn   | Place    | Note
-------+----------+-------------------------------------------
     0 | D:1      | CrazyBamboolord the Demonspawn Conjurer began the quest for
                  | the Orb.
     0 | D:1      | Reached XP level 1. HP: 13/13 MP: 3/3
   196 | D:1      | Gained mutation: Spells you cast may paralyse adjacent
                  | enemies. [demonic ancestry]
   196 | D:1      | Reached XP level 2. HP: 19/19 MP: 0/5
  1091 | D:2      | Reached XP level 3. HP: 24/25 MP: 2/6
  1094 | D:2      | Learned a level 2 spell: Searing Ray
  1136 | D:2      | Found Arirei Jouf's Weapon Shoppe.
  1381 | D:2      | Found Xowiovee's General Store.
  1385 | D:2      | Bought a +0 pair of gloves for 49 gold pieces
  1411 | D:2      | Reached skill level 1 in Fighting
  1752 | D:2      | Found Boukk's Magic Scroll Emporium.
  1761 | D:2      | Bought a scroll of teleportation for 42 gold pieces
  1889 | D:2      | Found Gopobb's Distillery.
  1952 | D:2      | Found Zubocal's Book Shop.
  2014 | D:2      | HP: 1/26 [sleepcap (5)]
  2017 | D:2      | Gained mutation: You have a small tail. [demonic ancestry]
  2017 | D:2      | Reached XP level 4. HP: 2/32 MP: 4/8
  2628 | D:3      | Gained mutation: You are partially covered in sharp spines.
                  | [demonic ancestry]
  2628 | D:3      | Reached XP level 5. HP: 37/37 MP: 4/9
  2804 | D:3      | Found a runed translucent gate.
  2805 | D:3      | Found a runed translucent gate.
  2805 | D:3      | Found a runed translucent gate.
  2805 | D:3      | Found an opulent altar of Gozag.
  2808 | D:3      | Noticed Silenceoftheyaks's ghost (weakling DsAr)
  2960 | D:4      | Noticed Robin
  2971 | D:4      | Killed Robin
  3079 | D:4      | Reached skill level 1 in Air Magic
  3174 | D:4      | Reached skill level 5 in Conjurations
  3222 | D:4      | Reached XP level 6. HP: 44/44 MP: 4/11
  4137 | D:5      | Entered Level 5 of the Dungeon
  4151 | D:5      | Learned a level 3 spell: Mephitic Cloud
  4248 | D:5      | Reached XP level 7. HP: 51/51 MP: 5/12
  4454 | D:5      | Noticed a hornet
  4457 | D:5      | Paralysed by a hornet for 1 turns
  4466 | D:5      | Killed a hornet
  4981 | D:5      | Found a staircase to the Ecumenical Temple.
  5005 | D:5      | Gained mutation: Spells you cast may paralyse nearby
                  | enemies. [demonic ancestry]
  5005 | D:5      | Reached XP level 8. HP: 28/57 MP: 4/14
  5010 | Temple   | Entered the Ecumenical Temple
  5519 | D:6      | Identified a scroll of acquirement
  5519 | D:6      | Acquired a +1 buckler of protection
  5652 | D:6      | Found a glowing drain.
  5674 | Sewer    | Entered a sewer
  5960 | Sewer    | Reached skill level 5 in Spellcasting
  6039 | Sewer    | Found a viscous altar of Jiyva.
  6346 | D:2      | Bought a potion of mutation for 88 gold pieces
  6398 | D:2      | Bought a potion of haste for 110 gold pieces
  6673 | D:6      | Reached skill level 1 in Shields
  6835 | D:6      | Identified the +1 robe of the Gastropod {MP-9 Str+9}
  6978 | D:6      | Gained mutation: You are partially covered in molten
                  | scales. (AC +2) [demonic ancestry]
  6978 | D:6      | Reached XP level 9. HP: 65/65 MP: 10/17
  7063 | D:6      | Found a shimmering altar of Xom.
  7063 | D:6      | Found an iron altar of Okawaru.
  7216 | D:7      | Found a shimmering blue altar of Sif Muna.
  7224 | D:7      | Became a worshipper of Sif Muna the Loreminder
  7723 | D:7      | Reached skill level 1 in Invocations
  8002 | D:7      | Found a snail-covered altar of Cheibriados.
  8215 | D:7      | Identified the +4 leather armour "Oclebb" {-Cast rC+++ MP-9
                  | SInv}
  8443 | D:8      | Found Vyosywn's Distillery.
  8456 | D:8      | Bought a potion of curing for 39 gold pieces
  8456 | D:8      | Bought a potion of heal wounds for 65 gold pieces
  8456 | D:8      | Bought a potion of heal wounds for 65 gold pieces
  8752 | D:8      | Noticed Pikel
  8763 | D:8      | Killed Pikel
  8764 | D:8      | Reached skill level 5 in Air Magic
  9083 | D:8      | Reached * piety under Sif Muna
  9199 | D:8      | Found Kaebo's Assorted Antiques.
  9219 | D:8      | Learned a level 2 spell: Poisonous Vapours
  9219 | D:8      | Bought a fuming purple potion for 27 gold pieces
  9219 | D:8      | Bought a fuming purple potion for 27 gold pieces
  9219 | D:8      | Bought a scroll labelled BUATUOMUUW for 30 gold pieces
  9410 | D:9      | Reached XP level 10. HP: 53/73 MP: 2/19
  9636 | D:9      | Reached skill level 5 in Stealth
  9805 | D:9      | Reached skill level 1 in Ice Magic
 10263 | D:10     | Entered Level 10 of the Dungeon
 10402 | D:10     | Noticed a two-headed ogre
 10410 | D:10     | Noticed Grum
 10794 | D:10     | Noticed a two-headed ogre
 10794 | D:10     | Noticed a centaur warrior
 10794 | D:10     | Noticed a two-headed ogre
 10947 | D:10     | Reached ** piety under Sif Muna
 10948 | D:10     | Reached skill level 5 in Fighting
 10960 | D:10     | Reached skill level 1 in Fire Magic
 10991 | D:10     | Reached skill level 5 in Dodging
 11172 | D:10     | Found a staircase to the Orcish Mines.
 11232 | D:10     | Killed a two-headed ogre
 11355 | D:10     | Identified the ring of Vuamaoli {Contam rC+ rCorr SInv}
 11357 | D:10     | Reached XP level 11. HP: 74/80 MP: 13/21
 11368 | D:10     | Killed Grum
 11679 | D:10     | Killed a two-headed ogre
 11907 | D:10     | Killed a two-headed ogre
 12020 | D:10     | Killed a centaur warrior
 12149 | D:10     | Found a staircase to the Lair.
 12166 | D:10     | Learned a level 4 spell: Sticky Flame
 12172 | D:10     | Learned a level 5 spell: Freezing Cloud
 12341 | D:10     | Acquired a staff of conjuration
 12491 | Lair:1   | Entered Level 1 of the Lair of Beasts
 12588 | Lair:1   | Reached *** piety under Sif Muna
 12597 | Lair:1   | Reached skill level 5 in Invocations
 14280 | Lair:2   | Gained mutation: You have a tail ending in a sharp stinger.
                  | [demonic ancestry]
 14280 | Lair:2   | Reached XP level 12. HP: 76/88 MP: 9/24
 14644 | Lair:2   | Noticed a four-headed hydra
 14651 | Lair:2   | Killed a four-headed hydra
 15210 | Lair:2   | Noticed a six-headed hydra
 15220 | Lair:2   | Killed a six-headed hydra
 15437 | Lair:3   | Noticed Snorg
 15447 | Lair:3   | Killed Snorg
 15590 | Lair:3   | Reached **** piety under Sif Muna
 15929 | Lair:3   | Reached skill level 5 in Ice Magic
 16043 | Lair:3   | Found a staircase to the Snake Pit.
 16525 | Lair:3   | Found a staircase to the Shoals.
 16554 | Lair:3   | You fall into a shaft and drop 2 floors!
 16554 | Lair:5   | Entered Level 5 of the Lair of Beasts
 16569 | Lair:5   | Reached skill level 5 in Shields
 17021 | Lair:4   | Noticed a five-headed hydra
 17500 | Lair:4   | Found a viscous altar of Jiyva.
 17519 | Lair:4   | Found a staircase to the Slime Pits.
 17787 | Lair:4   | Gained mutation: You are mostly covered in molten scales.
                  | (AC +3) [demonic ancestry]
 17787 | Lair:4   | Reached XP level 13. HP: 89/96 MP: 17/26
 18192 | Lair:4   | Learned a level 3 spell: Hailstorm
 18749 | Lair:4   | Noticed Sonja
 18758 | Lair:4   | Killed Sonja
 18758 | Lair:4   | Reached ***** piety under Sif Muna
 19281 | Lair:5   | Received a gift from Sif Muna
 19310 | Lair:5   | Got Sif Muna's Guidebook on Weather {god gift}
 19562 | Lair:5   | Reached skill level 10 in Invocations
 20798 | Lair:5   | Reached XP level 14. HP: 96/103 MP: 16/27
 20976 | Lair:5   | Reached skill level 10 in Conjurations
 21058 | Lair:5   | Learned a level 4 spell: Airstrike
 21064 | Lair:5   | Learned a level 5 spell: Arcjolt
 21521 | D:2      | Bought a potion of resistance for 110 gold pieces
 21521 | D:2      | Bought a potion of haste for 110 gold pieces
 21521 | D:2      | Bought a potion of enlightenment for 55 gold pieces
 21521 | D:2      | Bought a potion of haste for 110 gold pieces
 21521 | D:2      | Bought a potion of invisibility for 88 gold pieces
 21597 | D:2      | Bought a scroll of enchant armour for 105 gold pieces
 21597 | D:2      | Bought a scroll of fear for 56 gold pieces
 21750 | Orc:1    | Entered Level 1 of the Orcish Mines
 21750 | Orc:1    | Noticed Harold
 21757 | Orc:1    | Killed Harold
 22107 | Orc:2    | Entered Level 2 of the Orcish Mines
 22364 | Orc:2    | Reached skill level 10 in Air Magic
 22399 | Orc:2    | Reached skill level 10 in Ice Magic
 22427 | Orc:2    | Received a gift from Sif Muna
 22458 | Orc:2    | Found Guick's General Store.
 22460 | Orc:2    | Found a staircase to the Elven Halls.
 22489 | Orc:2    | Bought a scroll of blinking for 112 gold pieces
 22489 | Orc:2    | Bought a scroll of teleportation for 45 gold pieces
 22599 | Orc:2    | Found Jusymyr's Jewellery Emporium.
 22647 | Orc:2    | Found Mugoala's Antique Weapon Emporium.
 22872 | Orc:2    | Found Adul's Antique Armour Shop.
 22873 | Orc:2    | Noticed an orc warlord
 22883 | Orc:2    | HP: 6/154 [orc knight/+3 halberd (34)]
 22892 | Orc:2    | Killed an orc warlord
 23587 | Orc:1    | Noticed Erolcha
 23593 | Orc:1    | Killed Erolcha
 23961 | Orc:2    | Bought the ring of the Sturgeon {Fly rPois Int+4} for 408
                  | gold pieces
 24271 | D:11     | Found a frozen archway.
 24403 | D:11     | Received a gift from Sif Muna
 24404 | D:11     | Got Sif Muna's Discursus on Enchantment {god gift}
 24418 | IceCv    | Entered an ice cave
 24543 | IceCv    | Learned a level 3 spell: Swiftness
 24883 | IceCv    | Identified the +8 orcbow "Impslayer" {heavy, Stlth+}
 25400 | IceCv    | Reached skill level 10 in Spellcasting
 25618 | IceCv    | Noticed a frost giant
 25626 | IceCv    | Killed a frost giant
 26035 | IceCv    | Gained mutation: You have a sharp stinger which inflicts
                  | weakening toxins. [demonic ancestry]
 26035 | IceCv    | Reached XP level 15. HP: 98/108 MP: 2/29
 26667 | D:11     | Upgraded the game from 0.31-a0-1068-g5939ac1fb6 to
                  | 0.31-a0-1072-g202bf7ea07
 28250 | D:13     | Received a gift from Sif Muna
 28253 | D:13     | Got Zischifi's Omnibus of Fulmination {god gift}
 29285 | Snake:1  | Entered Level 1 of the Snake Pit
 31080 | Snake:2  | Noticed Louise
 31091 | Snake:2  | Killed Louise
 31328 | Snake:2  | Noticed Vashnia
 31864 | Snake:2  | Noticed a nagaraja
 32141 | Shoals:1 | Entered Level 1 of the Shoals
 33766 | Shoals:2 | Found Veidaf's Armour Shop.
 34175 | Shoals:2 | Noticed Polyphemus
 34316 | Shoals:2 | Killed Polyphemus
 34473 | Shoals:2 | Reached XP level 16. HP: 116/116 MP: 1/30
 35658 | Shoals:2 | Noticed a kraken
 35669 | Shoals:2 | Killed a kraken
 35965 | Shoals:3 | Noticed Ilsuiw
 35971 | Shoals:3 | Reached skill level 5 in Fire Magic
 35977 | Shoals:3 | Killed Ilsuiw
 36269 | Shoals:3 | Mangled by a merfolk

Illustrated notes

Levels and vault maps discovered:
D:1:      ncdulo_watergridlock, layout_loops_cross
D:2:      layout_basic, serial_shops, nicolae_shop_bloodbath_and_beyond,
          shop_statue, shop, nicolae_lakefront_shop, shop,
          minmay_rat_gold_closets
D:3:      layout_rooms, ebering_ghost_gozag
D:4:      layout_basic, mainiacjoe_overflow_catwalk, serial_glass,
          glass_columns_b, glass_columns_a, feat_on_display,
          minmay_strange_pillars, feat_on_display, due_unseen_surprise,
          corexii_corridor_pit, eino_curves_04, uniq_robin
D:5:      layout_loops_ring, minmay_temple_entry_butterflies
D:6:      layout_rooms, gammafunk_temple_overflow_pools, gup_sewer_entry_glass
D:7:      layout_gridville, kennysheep_mini, cheibrodos_worm_habitat
D:8:      layout_rooms, serial_shops, shop, nicolae_shop_industrial_runoff,
          uniq_pikel
D:9:      layout_basic
D:10:     layout_big_octagon, erik_lair_orcish_takeover, erik_orc_3,
          minmay_joined_circles, uniq_grum
D:11:     layout_rooms, portal_ice_cave_entry_pillars_1
D:12:     layout_basic, nrook_loot_triangle
D:13:     layout_roguey
Temple:   sentei_temple_godly_chess
Lair:1:   dreamdust_cave_troll, layout_cave_pods, infiniplex_staircase_pool_2,
          grunt_megastairs_2
Lair:2:   layout_loops_ring, lemuel_old_faithful
Lair:3:   layout_cave_pods, elwin_shoals_entry_rocks,
          minmay_snake_entry_guardpost_small, uniq_snorg
Lair:4:   layout_long_grid, dpeg_slime_entry_corner, beast_lair_carwin_9,
          uniq_sonja
Lair:5:   minmay_lair_end_frog_pond, layout_regular_city,
          nicolae_lair_lakeside_cave
Shoals:1: layout_shoals
Shoals:2: layout_shoals, serial_shops, nicolae_shop_tiny_waterfront,
          uniq_polyphemus
Shoals:3: layout_shoals, nzn_prometheus_bound, uniq_ilsuiw
Snake:1:  layout_onion_interference, serial_library_hellmonk_angled_corner
Snake:2:  layout_layer_cave, serial_shops, nicolae_lakefront_shop, st_stairs_10,
          grunt_ministairs_15, uniq_vashnia, uniq_louise
Orc:1:    layout_caves, basic_altar, uniq_erolcha, uniq_harold
Orc:2:    grunt_orc_gardens, layout_caves, grunt_orc_garden, grunt_orc_garden,
          grunt_orc_garden, grunt_orc_garden

Skill      XL: |  1  2  3  4  5  6  7  8  9 10 11 12 13 14 15 16 |
---------------+-------------------------------------------------+-----
Stealth        | 2 3 4 5 6 7 |  7.0
Dodging        | 2 3 4 5 6 7 |  7.7
Fighting       | 1 2 3 4 5 6 7 8 |  8.7
Spellcasting   | 3 4 5 6 7 8 9 10 11 | 11.0
Air Magic      | 1 2 3 4 5 6 7 8 9 11 12 | 12.8
Conjurations   | 5 6 7 8 9 11 12 | 12.0
Shields        | 1 2 3 4 5 6 |  6.0
Invocations    | 2 4 5 7 10 | 10.0
Ice Magic      | 2 3 6 9 11 12 | 12.0
Fire Magic     | 1 2 4 5 |  5.2

Action                     |  1- 3 |  4- 6 |  7- 9 | 10-12 | 13-15 | 16-18 || total
---------------------------+-------+-------+-------+-------+-------+-------++-------
  Melee: Unarmed           |    10 |       |       |       |       |       ||    10
         Dagger            |    26 |     5 |    27 |   181 |   108 |     2 ||   349
         Short sword       |       |    11 |       |       |       |       ||    11
         Tailslap          |       |     2 |       |    44 |    88 |     8 ||   142
         Punch             |       |     1 |       |       |       |       ||     1
         Staff             |       |       |       |    50 |   267 |    19 ||   336
   Cast: Magic Dart        |    84 |   141 |   277 |   302 |   113 |       ||   917
         Searing Ray       |     1 |     2 |    32 |   143 |    44 |       ||   222
         Poisonous Vapours |       |       |       |     3 |       |       ||     3
         Mephitic Cloud    |       |       |       |    10 |       |       ||    10
         Sticky Flame      |       |       |       |     1 |     5 |       ||     6
         Freezing Cloud    |       |       |       |     5 |   218 |    23 ||   246
         Hailstorm         |       |       |       |       |     7 |       ||     7
         Arcjolt           |       |       |       |       |    58 |    11 ||    69
         Airstrike         |       |       |       |       |    27 |     1 ||    28
         Maxwell's Capacit |       |       |       |       |     1 |       ||     1
 Invoke: Channel Magic     |       |       |       |       |     1 |       ||     1
         Forget Spell      |       |       |       |       |     1 |       ||     1
         Divine Exegesis   |       |       |       |       |     1 |       ||     1
  Evoke: Wand              |       |       |       |     3 |       |       ||     3
    Use: Scroll            |     1 |     4 |    11 |    15 |    11 |       ||    42
         Potion            |     1 |       |     4 |     1 |    11 |     1 ||    18
   Stab: Paralysed         |     2 |     8 |    16 |    73 |    49 |     5 ||   153
         Sleeping          |       |       |     1 |       |     4 |       ||     5
 Armour: Robe              |    24 |    13 |    45 |       |       |       ||    82
         Steam dragon scal |       |       |    16 |   273 |   437 |    65 ||   791
         Skin              |       |       |       |       |     9 |       ||     9
  Dodge: Dodged            |    24 |    19 |    48 |   264 |   312 |    33 ||   700
  Block: Buckler           |       |       |    12 |   122 |   190 |    22 ||   346

Table legend: (Time is in decaauts)
 A = Elapsed time spent in this place.
 B = Non-inter-level travel time spent in this place.
 C = Inter-level travel time spent in this place.
 D = Time resting spent in this place.
 E = Time spent auto-exploring this place.
 F = Levels seen in this place.
 G = Mean time per level.
                   A        B        C        D        E       F      G
               +--------+--------+--------+--------+--------+-----+--------+
         Total |  36427 |  34697 |   1730 |   9258 |  19645 |  28 | 1301.0 |
       Dungeon |  15472 |  14434 |   1038 |   2068 |  10001 |  13 | 1190.2 |
        Temple |     98 |     94 |      4 |     88 |      0 |   1 |   98.0 |
          Lair |   9063 |   8726 |    337 |   1460 |   5713 |   5 | 1812.6 |
        Shoals |   4139 |   4022 |    117 |   2291 |   1179 |   3 | 1379.7 |
     Snake Pit |   2812 |   2730 |     82 |   1535 |    859 |   2 | 1406.0 |
  Orcish Mines |   2285 |   2135 |    150 |    625 |   1169 |   2 | 1142.5 |
         Sewer |    588 |    588 |      0 |      0 |    490 |   1 |  588.0 |
      Ice Cave |   1966 |   1966 |      0 |   1190 |    234 |   1 | 1966.0 |
               +--------+--------+--------+--------+--------+-----+--------+

Top non-repeatable levels by time:
 Snake:1: 2551 daAuts
  Lair:5: 2419 daAuts
Shoals:1: 2241 daAuts
    D:10: 2108 daAuts
   IceCv: 1966 daAuts
  Lair:4: 1924 daAuts
Shoals:2: 1878 daAuts
  Lair:3: 1723 daAuts
  Lair:1: 1698 daAuts
    D:12: 1525 daAuts
   Orc:2: 1385 daAuts
     D:5: 1381 daAuts
  Lair:2: 1298 daAuts
     D:2: 1257 daAuts
     D:9: 1180 daAuts
